 Dungeon Crawl Stone Soup version 0.30.1-9-gdf580d7c3d (webtiles) character file.

Game seed: 4528975424828681845

4 KittyFluff the Trooper (level 1, -3/14 HPs)
             Began as a Gargoyle Berserker on Oct 15, 2023.
             Was a Follower of Trog.
             Slain by a kobold
             ... wielding a +2 dagger of venom
              (4 damage)
             ... on level 1 of the Dungeon.
             The game lasted 00:00:50 (206 turns).

KittyFluff the Trooper (Gargoyle Berserker)          Turns: 206, Time: 00:00:50

Health: -3/14      AC:  4    Str: 20    XL:     1   Next: 60%
Magic:  1/1        EV: 11    Int:  7    God:    Trog [*.....]
Gold:   9          SH:  0    Dex:  9    Spells: 0/0 levels left

rFire   . . .        a - +0 mace
rCold   . . .        (no shield)
rNeg    + . .        b - +0 animal skin
rPois   ∞            (no helmet)
rElec   +            (no cloak)
rCorr   .            (no gloves)
SInv    .            (no boots)
Will    .....        (no amulet)
Stlth   +            (no ring)
HPRegen 0.22/turn    (no ring)
MPRegen 0.07/turn

%: no passive effects
@: no status effects
A: sickness immunity, AC +2, negative energy resistance 1, electricity
resistance, torment resistance 1, petrification resistance
a: Renounce Religion, Berserk


You were on level 1 of the Dungeon.
You worshipped Trog.
Trog was aware of your devotion.
You visited 1 branch of the dungeon, and saw 1 of its levels.

You collected 9 gold pieces.

Inventory:

Hand Weapons
 a - a +0 mace (weapon)
Armour
 b - a +0 animal skin (worn)
Scrolls
 c - a scroll of blinking {unknown}


   Skills:
 + Level 3.3 Fighting
 * Level 3.0 Maces & Flails
 * Level 2.3 Armour
 + Level 1.6 Dodging


You couldn't memorise any spells.
You didn't know any spells.
Your spell library was empty.

Dungeon Overview and Level Annotations

Branches:
Dungeon (1/15)

Altars:


Innate Abilities, Weirdness & Mutations

You are immune to sickness and miasma.
Your stone body is resilient. (AC +2)
You are immune to poison.
You resist negative energy. (rN+)
You are resistant to electric shocks. (rElec)
You are resistant to unholy torment.
You are immune to petrification.


Message History

The quokka twitches its whiskers.
The ball python bites you but does no damage.
The ball python misses you.
You closely miss the ball python. The quokka bites you.
The ball python bites you. The ball python grabs you.
The ball python constricts you. The quokka barely misses you.
You hit the ball python.
The ball python is severely wounded.
The ball python closely misses you. The ball python constricts you.
The quokka bites you.
The ball python bites you but does no damage.
The ball python constricts you.
You sock the ball python!
You kill the ball python!
Trog accepts your kill. The quokka barely misses you.
The kobold throws a stone.
The stone closely misses you.
The quokka twitches its whiskers.
The quokka closely misses you.
You completely miss the quokka. The quokka barely misses you.
The kobold barely misses you.
You closely miss the quokka.
The quokka bites you but does no damage.
The kobold hits you with a +2 dagger of venom.
The quokka closely misses you.
You barely miss the quokka. The quokka bites you.
The kobold hits you with a +2 dagger of venom.
You barely miss the quokka. The quokka barely misses you.
The kobold hits you with a +2 dagger of venom.
* * * LOW HITPOINT WARNING * * *
The quokka bites you.
* * * LOW HITPOINT WARNING * * *
You hit the quokka.
You kill the quokka!
Trog accepts your kill.
The kobold hits you with a +2 dagger of venom.
* * * LOW HITPOINT WARNING * * *
You barely miss the kobold.
The kobold hits you with a +2 dagger of venom.
You die...

.'...###..##.⌠.###.⌠.##.##
.#...#...####.#.#.#.####.##
###'###..#.###.#.###.#.#..#
.#...##.#.8.# #.⌠.# #.⌠.#.#
.#^..##. #.#.###.#.###.#..#
.#...##. ###.# #.#.####..#
###'###. #.⌠.###.⌠.##...#
.#...##. #.#†#.#.##...##
.#...##. #.K@..#....##
.#...# #...###.....##
###'## ##.. ####..# .#...#
##K #.## .'...# #. ..#
.#...# .. #### ###### .. ##


You could see a kobold.

Vanquished Creatures
  A ball python (D:1)
  A quokka (D:1)
  A bat (D:1)
  A frilled lizard (D:1)
4 creatures vanquished.

Notes
Turn   | Place    | Note
-------+----------+-------------------------------------------
     0 | D:1      | KittyFluff the Gargoyle Berserker began the quest for the
                  | Orb.
     0 | D:1      | Reached XP level 1. HP: 14/14 MP: 1/1
   206 | D:1      | Slain by a kobold

Illustrated notes

Levels and vault maps discovered:
D:1:      co_arrival_random_square_maze, layout_loops_ring, serial_aquarium,
          aquarium_bridge_square [aquarium_subvault_window,
          aquarium_subvault_window, aquarium_subvault_bridge,
          aquarium_subvault_bridge], aquarium_bridge_square
          [aquarium_subvault_wall, aquarium_subvault_bridge,
          aquarium_subvault_wall, aquarium_subvault_wall], aquarium_window_1,
          aquarium_window_2, aquarium_window_1, aquarium_view_4,
          hellmonk_ecumenical_altar_blasted, grunt_decor_mini_mirrors

Action                     || total
---------------------------++-------
  Melee: Mace              ||    17
 Armour: Animal skin       ||     4
  Dodge: Dodged            ||    17
